 Dungeon Crawl Stone Soup version 0.30-a0-949-g53dc5368d7 (webtiles) character file.

Game seed: 15499422542120108341

104 funkygono the Covered (level 4, -1/41 HPs)
             Began as a Minotaur Fighter on Mar 26, 2023.
             Slain by Grinder (6 damage)
             ... while paralysed by Grinder
             ... on level 3 of the Dungeon on Mar 27, 2023.
             The game lasted 00:04:11 (1396 turns).

funkygono the Covered (Minotaur Fighter)            Turns: 1396, Time: 00:04:12

Health: -1/41      AC:  7    Str: 23    XL:     4   Next: 52%
Magic:  3/3        EV:  2    Int:  5    God:
Gold:   88         SH:  0    Dex:  9    Spells: 3/3 levels left

rFire   . . .      SeeInvis .    a - +0 war axe
rCold   . . .      Faith    .    c - +0 buckler
rNeg    . . .      Spirit   .    b - +0 scale mail
rPois   +          Reflect  .    (helmet restricted)
rElec   .          Rampage  .    (no cloak)
rCorr   .                        (no gloves)
Will    .....                    (no boots) Stlth
                                 (no amulet)
HPRegen 0.26/turn                p - ring of poison resistance
MPRegen 0.08/turn                (no ring)

@: paralysed
A: horns 2, retaliatory headbutt
a: no special abilities


You were on level 3 of the Dungeon.
You visited 1 branch of the dungeon, and saw 3 of its levels.

You collected 88 gold pieces.

Inventory:

Hand Weapons
 a - a +0 war axe (weapon)
Missiles
 g - 2 boomerangs (quivered)
 l - 4 silver boomerangs
Armour
 b - a +0 scale mail (worn)
 c - a +0 buckler (worn)
Jewellery
 p - a ring of poison resistance (left hand)
Wands
 k - a wand of charming (3)
Scrolls
 f - a scroll of silence {unknown}
 i - a scroll of enchant armour {unknown}
 j - a scroll of identify {unknown}
 n - a scroll of amnesia {unknown}
 q - a scroll of fear {unknown}
Potions
 d - a potion of might
 e - a potion of curing {unknown}
 h - a potion of mutation {unknown}
 m - a potion of invisibility {unknown}
 o - a potion of haste {unknown}


   Skills:
 + Level 4.4 Fighting
 + Level 4.0 Axes
 + Level 0.2 Throwing
 + Level 4.4 Armour
 + Level 0.5 Dodging
 + Level 3.8 Shields


You had 3 spell levels left.
You didn't know any spells.
Your spell library was empty.

Dungeon Overview and Level Annotations

Branches:
Dungeon (3/15)

Altars:

Annotations:
D:3 Grinder


Innate Abilities, Weirdness & Mutations

You have a pair of horns on your head.
You reflexively headbutt those who attack you in melee.


Message History

Found an escape hatch in the floor.
Grinder comes into view.
Found a scroll labelled DAYREO FUODEYWN.
Grinder shouts!
You hear an angry hiss. x2
Grinder blinks!
A rat comes into view.
There are monsters nearby!
Grinder gestures at you.
You suddenly lose the ability to move!
You hear the slow rusting of a distant drain.
Grinder hits you.
You can move again.
You hit Grinder but do no damage. Grinder gestures at you.
You resist with significant effort.
You closely miss Grinder. You headbutt Grinder.
Grinder is lightly wounded.
Grinder barely misses you. You furiously retaliate!
You headbutt Grinder, but do no damage. You barely miss Grinder.
You headbutt Grinder.
Grinder is lightly wounded.
Grinder hits you but does no damage. Grinder barely misses you.
You barely miss Grinder.
Grinder is lightly wounded.
Grinder hits you but does no damage.
You hit Grinder but do no damage. Your headbutt misses Grinder.
Grinder is lightly wounded.
Grinder says, "FISH!"
Grinder hits you!
You writhe in agony.
You hit Grinder but do no damage. You headbutt Grinder, but do no damage.
Grinder is lightly wounded.
Grinder hits you!
* * * LOW HITPOINT WARNING * * *
Grinder gestures at you.
You suddenly lose the ability to move!
Grinder hits you but does no damage. x2
Grinder hits you.
* * * LOW HITPOINT WARNING * * *
You writhe in agony.
You die...

#......#<# .##
#......#.#
....#......#.#
.>..#......#.#
r..#.......#.#
...........#.# #
?..........#)#'##...
#.##...###........
#......5@........
##########.......
....... .....?.
....... .....<.
##.....


You could see Grinder.

Vanquished Creatures
  An orc wizard (D:3)
  A worm (D:2)
  2 dart slugs (D:1)
  3 orcs (D:3)
  4 ball pythons
  6 bats
  5 endoplasms
  3 giant cockroaches
  A goblin (D:2)
  6 hobgoblins
  9 jackals (D:1)
  2 kobolds (D:1)
  3 quokkas
  14 frilled lizards
  4 rats (D:1)
64 creatures vanquished.

Vanquished Creatures (others)
  A fungus (D:3)
1 creature vanquished.

Grand Total: 65 creatures vanquished

Notes
Turn   | Place    | Note
-------+----------+-------------------------------------------
     0 | D:1      | funkygono the Minotaur Fighter began the quest for the Orb.
     0 | D:1      | Reached XP level 1. HP: 19/19 MP: 0/0
    76 | D:1      | Reached XP level 2. HP: 25/27 MP: 1/1
   311 | D:1      | Reached XP level 3. HP: 33/33 MP: 2/2
   515 | D:1      | Upgraded the game from 0.30-a0-946-gec5dcfc036 to
                  | 0.30-a0-949-g53dc5368d7
   828 | D:2      | Reached XP level 4. HP: 38/41 MP: 3/3
  1379 | D:3      | Noticed Grinder
  1385 | D:3      | Paralysed by Grinder for 3 turns
  1393 | D:3      | Paralysed by Grinder for 5 turns
  1396 | D:3      | Slain by Grinder

Illustrated notes

Levels and vault maps discovered:
D:1:      amcnicky_arrival_wind_blow, layout_rooms,
          nicolae_concentric_dashed_squares_mild
D:2:      layout_basic, minmay_lizard_pond
D:3:      layout_basic, gup_sewer_entry_bubbles, minmay_shallow_snake_nest,
          uniq_grinder

Skill      XL: |  1  2  3  4 |
---------------+-------------+-----
Fighting       | 4 |  4.4
Armour         | 4 |  4.4
Axes           | 3 4 |  4.0
Throwing       | |  0.2
Dodging        | |  0.5
Shields        | |  3.8

Action                     |  1- 3 |  4- 6 || total
---------------------------+-------+-------++-------
  Melee: War axe           |   108 |    29 ||   137
         Headbutt          |    15 |     8 ||    23
  Throw: Boomerang         |     3 |       ||     3
 Armour: Scale mail        |    57 |    14 ||    71
  Dodge: Dodged            |    50 |     8 ||    58
  Block: Buckler           |    22 |     1 ||    23

Table legend: (Time is in decaauts)
 A = Elapsed time spent in this place.
 B = Non-inter-level travel time spent in this place.
 C = Inter-level travel time spent in this place.
 D = Time resting spent in this place.
 E = Time spent auto-exploring this place.
 F = Levels seen in this place.
 G = Mean time per level.
                   A        B        C        D        E       F      G
               +--------+--------+--------+--------+--------+-----+--------+
         Total |   1449 |   1409 |     40 |     50 |    933 |   3 |  483.0 |
       Dungeon |   1449 |   1409 |     40 |     50 |    933 |   3 |  483.0 |
               +--------+--------+--------+--------+--------+-----+--------+

Top non-repeatable levels by time:
     D:2: 777 daAuts
     D:1: 559 daAuts
     D:3: 112 daAuts
